 Dungeon Sprint DCSS version 0.32-a0 (webtiles) character file.

Game seed: 17689166513304347592

1383 Conn the Covert (level 8, -8/46 HPs)
             Began as an Octopode Fire Elementalist on Jan 13, 2024.
             Was an Initiate of Sif Muna.
             Mangled by a polar bear (21 damage)
             ... in the Dungeon (Sprint II: "The Violet Keep of Menkaure").
             The game lasted 00:05:32 (328 turns).

Conn the Covert (Octopode Fire Elementalist)         Turns: 328, Time: 00:05:37

Health: -8/46      AC:  1    Str:  8    XL:     8   Next: 67%
Magic:  7/19       EV: 16    Int: 17    God:    Sif Muna [......]
Gold:   486        SH:  0    Dex: 12    Spells: 11/21 levels left

rFire   . .          .
                       - Unarmed
rCold   x . .        (no shield)
rNeg    . . .        (helmet restricted)
rPois   .            (no amulet)
rElec   .            (no ring)
rCorr   .            (no ring)
SInv    .            (no ring)
Will    .....        (no ring)
Stlth   +++++        (no ring)
HPRegen 0.27/turn    (no ring)
MPRegen 0.16/turn    (no ring)
                     (no ring)

%: no teleportation
@: no status effects
A: almost no armour, amphibious, 8 rings, camouflage 1, gelatinous body 1,
(nimble swimmer 1), tentacles, dopey 1, cold vulnerability 1, inability to drink
after injury 1, inability to read after injury 1
a: Renounce Religion


You were in the Dungeon.
You worshipped Sif Muna.
Sif Muna was noncommittal.
You visited 1 branch You collected 486 gold pieces.

Inventory:

Potions
 a - 3 potions of magic


   Skills:
 + Level 7.7 Dodging
 - Level 10.1 Stealth
 - Level 2.0 Unarmed Combat
 + Level 7.4 Spellcasting
 * Level 9.4 Conjurations
 + Level 10.0 Fire Magic
 * Level 3.0 Invocations


You had 11 spell levels left.
You knew the following spells:

 Your Spells              Type           Power      Damage    Failure   Level
a - Foxfire               Conj/Fire      100%       2x1d9     1%          1
b - Scorch                Fire           80%        2d8       1%          2
c - Inner Flame           Hex/Fire       23%        N/A       4%          3
d - Flame Wave            Conj/Fire      39%        2d11      1%          4

Your spell library contained the following spells:

 Spells                   Type           Power      Damage    Failure   Level
 Volatile Blastmotes      Fire/Tloc      46%        2d13      4%          3


Dungeon Overview and Level Annotations

Branches:
Dungeon (1/1)

Altars:
Cheibriados
Dithmenos
Elyvilon
Fedhas
Gozag
Hepliaklqana
Kikubaaqudgha
Makhleb
Nemelex Xobeh
Okawaru
Qazlal
Ru
Sif Muna
Trog
Uskayaw
Vehumet
Wu Jian
Xom
Yredelemnul
Zin
The Shining One
Jiyva
Lugonu

Annotations:
D exclusion: orange crystal statue


Innate Abilities, Weirdness & Mutations

You cannot wear most types of armour.
You are amphibious.
You can wear up to eight rings at the same time.
Your skin changes colour to match your surroundings (Stealth+).
Your rubbery body absorbs attacks. (AC +1, EV +1)
((You are camouflaged when in or above water. (Stealth+)))
You have tentacles for arms and can constrict up to eight enemies at once.
You are dopey. (Int -2)
You are vulnerable to cold. (rC-)
You occasionally lose the ability to drink potions when taking damage.
You occasionally lose the ability to read scrolls when taking damage.


Message History

The polar bear bites you. The polar bear claws you.
* * * LOW HITPOINT WARNING * * *
The polar bear barely misses you. The yaktaur hits you.
* * * LOW HITPOINT WARNING * * *
Okay, then.
Okay, then.
Unknown command.
Unknown command.
Unknown command.
Blink to where?
Press: ? - help, Dir - move target
As you read the scroll of blinking, it crumbles to dust.
You aren't carrying any items that you can evoke.
Casting: Flame Wave (dangerous; 1% risk of failure)
Confirm with . or Enter, or press ? or * to list all spells.
Aiming: Inner Flame (dangerous; 4% risk of failure)
Press: ? - help, Dir - move target, f - polar bear
Aim: a polar bear (severely wounded, berserk, chance to affect: 78%)
The polar bear is filled with an inner flame.
The polar bear fails to trigger a net trap.
Okay, then.
Unknown command.
You aren't carrying any scrolls.
Unknown command.
Unknown command.
Unknown command.
Casting: Inner Flame (dangerous; 4% risk of failure)
Confirm with . or Enter, or press ? or * to list all spells.
You conjure some foxfire!
The polar bear rages.
The polar bear fails to trigger a net trap.
Unknown command.
The foxfire hits the polar bear!
Flame seeps out of the polar bear.
The polar bear is almost dead.
The foxfire hits the polar bear but does no damage.
The polar bear is engulfed in blazing flames.
Flame seeps out of the polar bear.
The polar bear attacks as it pursues you!
The polar bear bites you!!
You die... ≈§≈≈§≈§≈≈ ≈§≈≈S≈≈≈ +# S§≈≈SSS ..### ≈SSS

...# #+++#+++## .^.# .........#
.^# ~.##'##..# #.# ##.#.##.####
+.### #.###.#....# #@..#
###.#.####..## ##h.# $# [)[
.###†###.##..# +○.# .#▓?([?$
#.##.##.).#..# #h.# .#▓)?(([$
##+.<.'.#.+..####.c##.#▓?!$![[?
###.##...#....###...##▓▓▓▓▓▓▓+
#+###.##......~h~~~§~~~~~~~
###~~§....†#†########+##
#~§~~~~~..~#....._._#~~~


You could see 3 polar bears and a yaktaur.

Vanquished Creatures
  A merfolk siren (D)
  A hornet (D)
  2 wyverns (D)
  3 neqoxecs (D)
  Menkaure (D)
  A crocodile (D)
9 creatures vanquished.

Vanquished Creatures (others)
  2 foxfires (D)
2 creatures vanquished.

Grand Total: 11 creatures vanquished

Notes
Turn   | Place    | Note
-------+----------+-------------------------------------------
     0 | D        | Conn the Octopode Fire Elementalist began the quest for the
                  | Orb.
     0 | D        | Reached XP level 1. HP: 11/11 MP: 3/3
     1 | D        | Noticed a neqoxec
     6 | D        | Noticed a neqoxec
     7 | D        | Gained mutation: You are vulnerable to cold. (rC-) [a
                  | neqoxec]
     9 | D        | Gained mutation: You occasionally lose the ability to read
                  | scrolls when taking damage. [a neqoxec]
    11 | D        | Killed a neqoxec
    12 | D        | Reached XP level 2. HP: 17/17 MP: 4/7
    12 | D        | Reached XP level 3. HP: 21/21 MP: 4/8
    12 | D        | Reached XP level 4. HP: 27/27 MP: 5/10
    12 | D        | Reached XP level 5. HP: 31/31 MP: 5/11
    17 | D        | Killed a neqoxec
    18 | D        | Reached skill level 5 in Dodging
    18 | D        | Reached skill level 5 in Spellcasting
    18 | D        | Reached XP level 6. HP: 36/36 MP: 5/13
    26 | D        | Learned a level 2 spell: Scorch
    30 | D        | Learned a level 3 spell: Inner Flame
    35 | D        | Learned a level 4 spell: Flame Wave
    36 | D        | Noticed a merfolk siren
    39 | D        | Killed a merfolk siren
    40 | D        | Reached XP level 7. HP: 41/41 MP: 1/16
   142 | D        | Noticed a wyvern
   142 | D        | Noticed a wyvern
   146 | D        | Killed a wyvern
   146 | D        | Killed a wyvern
   147 | D        | Reached XP level 8. HP: 34/46 MP: 7/18
   226 | D        | Noticed Menkaure
   230 | D        | Killed Menkaure
   232 | D        | Gained mutation: You occasionally lose the ability to drink
                  | potions when taking damage. [a neqoxec]
   233 | D        | Gained mutation: You are dopey. (Int -2) [a neqoxec]
   235 | D        | Reached skill level 10 in Stealth
   253 | D        | Found a snail-covered altar of Cheibriados.
   254 | D        | Found a shadowy altar of Dithmenos.
   255 | D        | Found a white marble altar of Elyvilon.
   255 | D        | Found an ancient bone altar of Kikubaaqudgha.
   255 | D        | Found a viscous altar of Jiyva.
   256 | D        | Found a blossoming altar of Fedhas.
   256 | D        | Found a corrupted altar of Lugonu.
   256 | D        | Found a shimmering blue altar of Sif Muna.
   257 | D        | Found an opulent altar of Gozag.
   257 | D        | Found a burning altar of Makhleb.
   257 | D        | Found a bloodstained altar of Trog.
   258 | D        | Found a sparkling altar of Nemelex Xobeh.
   258 | D        | Found a hide-covered altar of Uskayaw.
   259 | D        | Found a basalt altar of Yredelemnul.
   260 | D        | Found an iron altar of Okawaru.
   260 | D        | Found a radiant altar of Vehumet.
   260 | D        | Found a glowing silver altar of Zin.
   260 | D        | Found a hazy altar of Hepliaklqana.
   260 | D        | Found a sacrificial altar of Ru.
   260 | D        | Found a shimmering altar of Xom.
   260 | D        | Noticed a hornet
   260 | D        | Noticed a polar bear
   261 | D        | Found a stormy altar of Qazlal.
   261 | D        | Found an ornate altar of the Wu Jian Council.
   261 | D        | Found a glowing golden altar of the Shining One.
   261 | D        | Noticed a yaktaur
   262 | D        | Noticed a polar bear
   268 | D        | Became a worshipper of Sif Muna the Loreminder
   309 | D        | Noticed an orange crystal statue
   314 | D        | Noticed a polar bear
   322 | D        | Killed a hornet
   323 | D        | Reached skill level 10 in Fire Magic
   323 | D        | HP: 2/46 [yaktaur (8)]
   328 | D        | Mangled by a polar bear

Illustrated notes

Levels and vault maps discovered:
D:        the_violet_keep_of_menkaure [sprint2_stairs_cluster_1,
          sprint2_shoproom, sprint2_temple, sprint2_basic_supplies,
          sprint2_obstacle_6, sprint2_obstacle_4, sprint2_obstacle_7,
          sprint2_obstacle_3, sprint2_obstacle_1, sprint2_timed_cluster_1,
          sprint2_smallroom_cluster_1, sprint2_smallroom_final_cluster_1,
          sprint2_transparent_cluster_1, sprint2_second_timed_cluster_1,
          sprint2_sniper_area_1, sprint2_heavy_combat_area_1,
          sprint2_mutation_trap_area_1, sprint2_forest_area_1,
          sprint2_light_combat_area_1, sprint2_behind_water_1,
          sprint2_near_end_vault_1]

Skill      XL: |  1  2  3  4  5  6  7  8 |
---------------+-------------------------+-----
Dodging        | 4 5 6 7 |  7.7
Stealth        | 4 6 8 9 10 | 10.1
Unarmed Combat | 2 |  2.0
Spellcasting   | 4 5 6 7 |  7.4
Fire Magic     | 7 8 9 10 | 10.0
Conjurations   | 4 7 8 9 |  9.4
Invocations    | 3 |  3.0

Action                     |  1- 3 |  4- 6 |  7- 9 || total
---------------------------+-------+-------+-------++-------
  Melee: Unarmed           |     8 |     5 |       ||    13
         Tentacles         |     3 |     1 |       ||     4
         Constrict         |     1 |     1 |       ||     2
   Cast: Scorch            |       |     2 |     5 ||     7
         Inner Flame       |       |     1 |     4 ||     5
         Flame Wave        |       |       |     2 ||     2
         Foxfire           |       |       |     1 ||     1
    Use: Potion            |     2 |       |     2 ||     4
         Scroll            |       |       |     1 ||     1
 Armour: Skin              |       |     1 |    13 ||    14
  Dodge: Dodged            |     3 |     2 |    11 ||    16

Table legend: (Time is in decaauts)
 A = Elapsed time spent in this place.
 B = Non-inter-level travel time spent in this place.
 C = Inter-level travel time spent in this place.
 D = Time resting spent in this place.
 E = Time spent auto-exploring this place.
 F = Levels seen in this place.
 G = Mean time per level.
                   A        B        C        D        E       F      G
               +--------+--------+--------+--------+--------+-----+--------+
         Total |    324 |    324 |      0 |    182 |      0 |   1 |  324.0 |
       Dungeon |    324 |    324 |      0 |    182 |      0 |   1 |  324.0 |
               +--------+--------+--------+--------+--------+-----+--------+

Top non-repeatable levels by time:
       D: 324 daAuts
